 Dungeon Crawl Stone Soup version 0.20.1-1-g8b1a95d (webtiles) character file.

107 LORDOFBUTT the Chopper (level 4, 0/58 HPs)
             Began as a Hill Orc Monk on Dec 2, 2017.
             Succumbed to an adder's poison
             ... on level 3 of the Dungeon.
             The game lasted 00:02:38 (1835 turns).

LORDOFBUTT the Chopper (Hill Orc Monk)              Turns: 1835, Time: 00:02:39

Health: 0/58       AC: 22    Str: 13    XL:     4   Next: 85%
Magic:  4/4        EV:  2    Int: 10    God:
Gold:   103        SH:  0    Dex: 14    Spells: 3/3 levels left

rFire    . . .     SeeInvis .   a - +0 hand axe
rCold    . . .     Gourm    .   (no shield)
rNeg     + + +     Faith    .   (armour currently unavailable)
rPois    +         Spirit   .   (helmet currently unavailable)
rElec    .         Reflect  .   (cloak currently unavailable)
rCorr    .         Harm     .   (gloves currently unavailable)
MR       .....     NoTele   +   (boots currently unavailable)
Stlth    ++........             (no amulet)
Regen    0.2/turn               (no ring)
MPRegen  0.1/turn               (no ring)

@: lethally poisoned (0 -> -1), tree-form
A: no striking features
a: no special abilities


You were on level 3 of the Dungeon.
You were not hungry.
You were a tree.
You visited 1 branch of the dungeon, and saw 3 of its levels.

You collected 103 gold pieces.

Inventory:

Hand Weapons
 a - a +0 hand axe (weapon)
Armour
 b - a +0 robe (melded)
 n - a +0 helmet (melded)
Scrolls
 f - 3 scrolls of remove curse
 l - 2 scrolls of enchant armour {unknown}
 p - a scroll of enchant weapon {unknown}
Potions
 e - a potion of lignification
 i - a potion of curing
 j - a potion of mutation {unknown}
 o - a potion of magic {unknown}
 q - a potion of brilliance {unknown}
Books
 d - a book of Cantrips

   Spells                             Type                      Level
   a - Confusing Touch                Hexes                        1
   b - Animate Skeleton               Necromancy                   1
   c - Summon Small Mammal            Summoning                    1
   d - Apportation                    Translocation                1
Comestibles
 c - a bread ration
 k - 2 meat rations


   Skills:
 - Level 3.6 Fighting
 + Level 7.1 Axes
 - Level 2.4 Dodging
 - Level 1.5 Stealth


You had 3 spell levels left.
You didn't know any spells.

Dungeon Overview and Level Annotations

Branches:
Dungeon (3/15)

Altars:


Message History

You hit the adder.
The adder is severely wounded.
The adder bites you but does no damage.
You hit the adder.
You kill the adder!
Your Axes skill increases to level 7!
You feel sick. The bat hits you but does no damage. x2
You hit the bat but do no damage. The bat hits you but does no damage.
The bat barely misses you.
You hit the bat.
You kill the bat!
The centaur wields an uncursed shortbow.
The centaur shoots an arrow.
The arrow hits you but does no damage.
You cannot move.
You cannot move.
The centaur shoots an arrow.
The arrow hits you.
* * * LOW HITPOINT WARNING * * *
As you read the scroll of identify, it crumbles to dust.
i - a potion of curing You die...

.........#######.#
.(.......# #.#
.........# #.#
.........# #.#
.....?...# #r#
.........# #g#
.........# #c#
.........# #.#
.........# #♣# #.#
#.# #.#######
#......<#
#########


You could see a centaur, a hobgoblin and a rat.

Vanquished Creatures
  5 adders
  2 worms (D:2)
  3 dart slugs
  A leopard gecko (D:3)
  2 giant cockroaches
  5 goblins
  4 hobgoblins (D:1)
  4 jackals (D:2)
  A quokka (D:2)
  12 bats
  2 frilled lizards (D:1)
  3 kobolds
  6 rats
50 creatures vanquished.

Notes
Turn   | Place    | Note
-------+----------+-------------------------------------------
     0 | D:1      | LORDOFBUTT the Hill Orc Monk began the quest for the Orb.
     0 | D:1      | Reached XP level 1. HP: 19/19 MP: 1/1
   237 | D:1      | Reached XP level 2. HP: 19/26 MP: 2/2
   624 | D:1      | Reached skill level 5 in Axes
   817 | D:2      | Reached XP level 3. HP: 31/31 MP: 3/3
  1152 | D:2      | Reached skill level 6 in Axes
  1169 | D:2      | Reached XP level 4. HP: 22/39 MP: 4/4
  1795 | D:3      | Noticed a centaur
  1831 | D:3      | Reached skill level 7 in Axes
  1834 | D:3      | HP: 1/58 [centaur/arrow (2)]
  1835 | D:3      | Succumbed to an adder's poison

Skill      XL: |  1  2  3  4 |
---------------+-------------+-----
Axes           | 5 6 7 |  7.1
Fighting       | |  3.6
Dodging        | |  2.4
Stealth        | |  1.5

Action                   |  1- 3 |  4- 6 || total
-------------------------+-------+-------++-------
Melee: Hand axe          |   108 |    76 ||   184
  Use: Scroll            |     7 |     1 ||     8
       Potion            |       |     2 ||     2
 Stab: Sleeping          |     3 |     1 ||     4
  Eat: Chunk             |     1 |     2 ||     3
Armor: Robe              |    26 |    15 ||    41
       Skin              |       |    10 ||    10
Dodge: Dodged            |    72 |    65 ||   137
